 Dungeon Crawl Stone Soup version 0.31-a0-259-g771a54ca4b (webtiles) character file.

Game seed: 4433214435158520673

56 qw the Shooter (level 3, -21/21 HPs)
             Began as a Gargoyle Hexslinger on July 13, 2023.
             Demolished by an ogre
             ... wielding a +0 giant spiked club
              (22 damage)
             ... on level 2 of the Dungeon.
             The game lasted 00:00:29 (1025 turns).

qw the Shooter (Gargoyle Hexslinger)                Turns: 1025, Time: 00:00:30

Health: -21/21     AC:  8    Str: 11    XL:     3   Next: 95%
Magic:  4/4        EV: 10    Int: 13    God:
Gold:   56         SH:  0    Dex: 14    Spells: 3/4 levels left

rFire   + . .        Y - +1 sling
rCold   + . .        (no shield)
rNeg    + . .        e - +0 ring mail
rPois   inf          (no helmet)
rElec   +            h - scarf {rC+ rF+}
rCorr   .            (no gloves)
SInv    .            (no boots)
Will    .....        (no amulet)
Stlth   +            (no ring)
HPRegen 0.23/turn    (no ring)
MPRegen 0.09/turn

%: no passive effects
@: no status effects
A: sickness immunity, AC +3, negative energy resistance 1, electricity
resistance, torment resistance 1, petrification resistance
a: no special abilities


You were on level 2 of the Dungeon.
You visited 1 branch of the dungeon, and saw 2 of its levels.

You collected 56 gold pieces.


Innate Abilities, Weirdness & Mutations

You are immune to sickness and miasma.
Your stone body is resilient. (AC +3)
You are immune to poison.
You resist negative energy. (rN+)
You are resistant to electric shocks. (rElec)
You are resistant to unholy torment.
You are immune to petrification.


   Skills:
 - Level 2.0 Fighting
 + Level 3.7 Ranged Weapons
 - Level 1.5 Dodging
 - Level 1.0 Spellcasting
 - Level 2.6 Hexes


You had 3 spell levels left.
You knew the following spells:

 Your Spells              Type           Power      Damage    Failure   Level
a - Slow                  Hex            28%        N/A       22%         1

Your spell library contained the following spells:

 Spells                   Type           Power      Damage    Failure   Level
 Inner Flame              Hex/Fire       4%         N/A       75%         3
 Portal Projectile        Hex/Tloc       8%         N/A       75%         3
 Cause Fear               Hex            3%         N/A       92%         4

Inventory:

Hand Weapons
 Y - a +1 sling (weapon)
Armour
 e - a +0 ring mail (worn)
 h - a scarf of resistance (worn)
Scrolls
 a - a scroll of vulnerability {unknown}
 c - a scroll of identify
 d - a scroll of teleportation {unknown}
Potions
 b - a potion of degeneration {unknown}
 f - a potion of heal wounds {unknown}
 g - a potion of curing {unknown}

Dungeon Overview and Level Annotations

Branches:
Dungeon (2/15)

Altars:


Message History

The kobold shouts!
The sling bullet hits the kobold but does no damage.
A giant cockroach comes into view.
Enter note:
Enter note:
Enter note:
Enter note: You shoot a sling bullet.
The sling bullet hits the giant cockroach but does no damage.
You shoot a sling bullet.
The sling bullet closely misses the giant cockroach.
You shoot a sling bullet.
The sling bullet barely misses the kobold.
The kobold throws a stone.
The stone hits you but does no damage.
You shoot a sling bullet.
The sling bullet hits the giant cockroach.
You kill the giant cockroach!
You shoot a sling bullet.
The sling bullet closely misses the kobold.
The kobold hits you but does no damage.
An ogre comes into view. It is wielding a +0 giant spiked club.
The kobold barely misses you.
You shoot a sling bullet. The sling bullet hits the ogre.
The ogre is lightly wounded.
The kobold hits you but does no damage.
The ogre hits you with a +0 giant spiked club!
Ouch! That really hurt!
You shoot a sling bullet. The sling bullet hits the ogre.
The ogre is lightly wounded.
The kobold hits you with a +0 dagger. The ogre closely misses you.
You shoot a sling bullet.
The sling bullet barely misses the ogre.
The kobold barely misses you. The ogre closely misses you.
The kobold hits you with a +0 dagger.
You shoot a sling bullet. The sling bullet hits the ogre.
The ogre is moderately wounded.
The kobold hits you with a +0 dagger.
The ogre hits you with a +0 giant spiked club!!
Ouch! That really hurt!
You die...

### ..###### ##
#######.#(...# ### <.
#.....%.#....###..
#.##.#.####.......#..
............%........
#.####.#.....#.....#....
#......#.#.###.....#....
...%..O@.....###''###...
....#.##K#####~~..~~#.##
..#.#'##...# #~77.7~#.#
........##.# #~..77~#.#
####....##.# #~77..~#.##
#....##.# #~7.77~#...
#....+#.# #~~..~~####
#....##)# ###''###
#...(##.# #..#.#


You could see an ogre and a kobold.

Vanquished Creatures
  An adder (D:2)
  2 worms (D:2)
  A dart slug (D:1)
  3 endoplasms
  6 giant cockroaches
  4 goblins
  2 hobgoblins (D:1)
  4 quokkas
  2 ball pythons (D:1)
  5 bats
  3 frilled lizards (D:2)
  2 kobolds (D:1)
  2 rats
37 creatures vanquished.

Notes
Turn   | Place    | Note
-------+----------+-------------------------------------------
     0 | D:1      | qw the Gargoyle Hexslinger began the quest for the Orb.
     0 | D:1      | Reached XP level 1. HP: 12/12 MP: 2/2
     0 | D:1      | 0 ||| qw: Version: 0.3-a-52-g30416fa
     0 | D:1      | 0 ||| qw: Game counter: 6828
     0 | D:1      | 0 ||| qw: Melee chars always use a shield: true
     0 | D:1      | 0 ||| qw: God list: Okawaru
     0 | D:1      | 0 ||| qw: Allow faded altars: false
     0 | D:1      | 0 ||| qw: Do Orc after clearing Dungeon:15 true
     0 | D:1      | 0 ||| qw: Do second Lair branch before Depths: true
     0 | D:1      | 0 ||| qw: Lair rune preference: random
     0 | D:1      | 0 ||| qw: Goals: Normal
     0 | D:1      | 0 ||| PLANNING D:1-11
    76 | D:1      | Reached XP level 2. HP: 16/16 MP: 3/3
    92 | D:1      | 92 ||| Stepping ~*~*~tactically~*~*~ (outnumbered).
   133 | D:1      | Reached skill level 3 in Ranged Weapons
   364 | D:1      | Found a faded altar of an unknown god.
   364 | D:1      | Noticed a Hell Sentinel
   407 | D:1      | Reached XP level 3. HP: 20/21 MP: 4/4
   631 | D:1      | 631 ||| UPGRADING to +0 ring mail.
   641 | D:1      | 641 ||| DROPPING +0 robe.
   642 | D:1      | 642 ||| UPGRADING to scarf of resistance.
   647 | D:1      | 647 ||| READING scroll labelled EKLISCH ICYZ.
   648 | D:1      | 648 ||| READING scroll labelled GINTEGR WUAHI.
   649 | D:1      | 649 ||| DROPPING scroll of poison.
  1021 | D:2      | Noticed an ogre
  1023 | D:2      | HP: 4/21 [kobold/+0 dagger (3)]
  1025 | D:2      | HP: 1/21 [kobold/+0 dagger (3)]
  1025 | D:2      | Demolished by an ogre

Levels and vault maps discovered:
D:1:      dpeg_arrival_pits, layout_loops_ring,
          dreamdust_ecumenical_altar_sealed_demon
D:2:      layout_basic, kennysheep_generic_room_12

Skill      XL: |  1  2 |
---------------+-------+-----
Ranged Weapons | 3 |  3.7
Fighting       | 2 |  2.0
Dodging        | |  1.5
Spellcasting   | |  1.0
Hexes          | |  2.6

Action                     || total
---------------------------++-------
   Fire: Sling             ||   125
    Use: Scroll            ||     2
 Armour: Robe              ||     8
         Ring mail         ||    16
  Dodge: Dodged            ||    37

Table legend:
 A = Non-vault XP
 B = Vault XP
 C = Vault XP percentage of total XP
 D = Non-vault monster count
 E = Vault monster count
 F = Vault count percentage of total count
                 A         B        C        D         E       F
            +---------+---------+-------+---------+---------+-------
      Total |      79 |       1 |   1.2 |      36 |       1 |   2.7
            +---------+---------+-------+---------+---------+-------
        D:1 |      42 |       0 |   0.0 |      24 |       0 |   0.0
        D:2 |      37 |       1 |   2.6 |      12 |       1 |   7.7
            +---------+---------+-------+---------+---------+-------
